 Dungeon Crawl Stone Soup version 0.28.0-45-g0d030f2227 (webtiles) character file.

Game seed: 7474610071457815079

97 Ablot the Grasshopper (level 4, 0/34 (38) HPs)
             Began as a Gnoll Warper on Apr 1, 2022.
             Slain by a wight
             ... wielding a +1 hand axe
              (6 damage)
             ... on level 2 of the Dungeon.
             The game lasted 00:03:06 (2883 turns).

Ablot the Grasshopper (Gnoll Warper)                Turns: 2883, Time: 00:03:07

HP:   0/34 (38)     AC:  7    Str: 13    XL:     4   Next: 68%
MP:   11/11         EV: 11    Int: 12    God:
Gold: 101           SH:  0    Dex: 11    Spells: 11/13 levels left

rFire   + . .      SeeInvis .   a - +0 spear
rCold   . . .      Faith    .   (no shield)
rNeg    + . .      Spirit   .   b - +1 ring mail {rF+}
rPois   .          Reflect  .   h - +1 hat
rElec   .          Harm     .   (no cloak)
rCorr   .          Rampage  .   (no gloves)
Will    .....                   (no boots)
Stlth   +.........              (no amulet)
HPRegen 0.11/turn               w - ring of positive energy
MPRegen 0.12/turn               (no ring)

@: heavily drained
A: fangs 1, strong nose, distributed training
a: no special abilities


You were on level 2 of the Dungeon.
You visited 1 branch of the dungeon, and saw 3 of its levels.

You collected 101 gold pieces.

Inventory:

Hand Weapons
 a - a +0 spear (weapon)
Missiles
 d - 5 boomerangs of dispersal
 g - 2 curare-tipped darts
 i - 21 bolts
 j - 41 stones
 k - 5 poisoned darts
 l - 2 boomerangs (quivered)
 n - 24 sling bullets
 v - 18 arrows
Armour
 b - a +1 ring mail of fire resistance (worn)
 h - a +1 hat (worn)
Jewellery
 w - a ring of positive energy (left hand)
Wands
 o - a wand of polymorph (4)
 x - a wand of iceblast (4)
Scrolls
 c - a scroll of blinking
 e - a scroll of noise {unknown}
 m - a scroll of vulnerability {unknown}
 p - a scroll of summoning {unknown}
 r - a scroll of enchant armour {unknown}
 u - a scroll of acquirement {unknown}
 y - a scroll of amnesia {unknown}
Potions
 f - a potion of cancellation {unknown}
 q - a potion of degeneration {unknown}
 s - a potion of lignification {unknown}
 t - a potion of haste {unknown}


   Skills:
 + Level 4.7 Fighting
 + Level 1.2 Short Blades
 + Level 1.2 Long Blades
 + Level 1.2 Axes
 + Level 1.2 Maces & Flails
 + Level 4.7 Polearms
 + Level 1.2 Staves
 + Level 1.2 Slings
 + Level 1.2 Bows
 + Level 1.2 Crossbows
 + Level 2.8 Throwing
 + Level 2.8 Armour
 + Level 4.7 Dodging
 + Level 1.2 Stealth
 + Level 1.2 Shields
 + Level 1.2 Unarmed Combat
 + Level 5.1 Spellcasting
 + Level 1.0 Conjurations
 + Level 1.0 Hexes
 + Level 1.0 Summonings
 + Level 1.0 Necromancy
 + Level 5.5 Translocations
 + Level 1.0 Transmutations
 + Level 1.0 Fire Magic
 + Level 1.0 Ice Magic
 + Level 1.0 Air Magic
 + Level 1.0 Earth Magic
 + Level 1.0 Poison Magic
 + Level 1.3 Invocations
 + Level 1.2 Evocations


You had 11 spell levels left.
You knew the following spells:

 Your Spells              Type           Power      Damage    Failure   Level
a - Blink                 Tloc           32%        N/A       6%          2

Your spell library contained the following spells:

 Spells                   Type           Power      Damage    Failure   Level
 Gell's Gravitas          Tloc           16%        N/A       13%         3
 Lesser Beckoning         Tloc           16%        N/A       13%         3
 Teleport Other           Tloc           16%        N/A       13%         3
 Ozocubu's Armour         Ice            5%         N/A       63%         3
 Manifold Assault         Tloc           16%        N/A       75%         5
 Ozocubu's Refrigeration  Ice            2%         4d5       100%        7


Dungeon Overview and Level Annotations

Branches:
Dungeon (3/15)

Altars:
Ashenzari
Sif Muna


Innate Abilities, Weirdness & Mutations

You have very sharp teeth.
Your uncanny sense of smell can sniff out nearby items.
Your experience applies equally to all skills.


Message History

There is a stone staircase leading down here.
Casting: Blink (safe; 6% risk of failure)
Confirm with . or Enter, or press ? or * to list all spells.
You blink.
Throw: 2 boomerangs
Press: ? - help, Q - select action, (/) - cycle Shift-Dir - straight line, f - wight
Aim: a wight, wielding a +1 hand axe and wearing a +0 robe (59% to hit)
You throw a boomerang. The boomerang barely misses the wight.
Unknown command.
Throw: 2 boomerangs
Press: ? - help, Q - select action, (/) - cycle Shift-Dir - straight line, f/p - wight
Aim: a wight, wielding a +1 hand axe and wearing a +0 robe (59% to hit)
You throw a boomerang. The boomerang closely misses the wight.
Unknown command.
You feel stable enough to blink again.
You hit the wight but do no damage. The wight hits you with a +1 hand axe.
You partially resist.
You feel drained.
You barely miss the wight. The wight hits you with a +1 hand axe!
* * * LOW HITPOINT WARNING * * *
You hit the wight.
The wight is lightly damaged.
The wight hits you but does no damage.
You hit the wight.
The wight is lightly damaged.
The wight barely misses you.
You barely miss the wight.
The wight is lightly damaged.
The wight hits you but does no damage.
You hit the wight.
The wight is moderately damaged.
The wight hits you but does no damage.
You hit the wight but do no damage.
The wight is moderately damaged.
You hit the wight.
The wight is heavily damaged.
The wight hits you but does no damage.
You hit the wight.
The wight is severely damaged.
The wight hits you with a +1 hand axe.
You die...

##≈≈≈≈≈≈≈≈≈#####.#.#
≈≈≈≈#####≈≈≈≈###...#
≈≈### ###≈≈≈≈#.###
≈≈≈≈# ##≈....#
######## ##.#..#
#...# #.##.# ####...#
#.##z# ..##...#
#.##z# ..##...#
#.##@#
..##..)######.##.#
..##.............####
..##....#####.##....#
..##.............##.#
..##...######..#..#.#
...............#....#
..##...#######.#..###
#.########........#


You could see 2 wights.

Vanquished Creatures
  3 adders
  2 worms (D:2)
  A dart slug (D:1)
  2 orcs
  8 endoplasms
  3 giant cockroaches (D:1)
  4 goblins
  6 hobgoblins
  5 kobolds
  2 quokkas (D:1)
  6 ball pythons
  2 bats
  9 frilled lizards
  7 rats
60 creatures vanquished.

Notes
Turn   | Place    | Note
-------+----------+-------------------------------------------
     0 | D:1      | Ablot the Gnoll Warper began the quest for the Orb.
     0 | D:1      | Reached XP level 1. HP: 20/20 MP: 6/6
     3 | D:1      | Noticed an electric eel
     4 | D:1      | Noticed an electric eel
   219 | D:1      | Reached XP level 2. HP: 26/26 MP: 7/7
   228 | D:1      | Learned a level 2 spell: Blink
   375 | D:1      | Reached XP level 3. HP: 31/31 MP: 9/9
   396 | D:1      | Reached skill level 5 in Spellcasting
   802 | D:2      | Found a broken altar of Ashenzari.
   907 | D:2      | Reached skill level 1 in Invocations
  1237 | D:2      | Reached skill level 1 in Short Blades
  1237 | D:2      | Reached skill level 1 in Long Blades
  1237 | D:2      | Reached skill level 1 in Axes
  1237 | D:2      | Reached skill level 1 in Maces & Flails
  1237 | D:2      | Reached skill level 1 in Staves
  1237 | D:2      | Reached skill level 1 in Slings
  1237 | D:2      | Reached skill level 1 in Bows
  1237 | D:2      | Reached skill level 1 in Crossbows
  1237 | D:2      | Reached skill level 1 in Stealth
  1237 | D:2      | Reached skill level 1 in Shields
  1237 | D:2      | Reached skill level 1 in Unarmed Combat
  1237 | D:2      | Reached skill level 1 in Evocations
  1290 | D:2      | Found a faded altar of an unknown god.
  1337 | D:2      | Reached XP level 4. HP: 34/38 MP: 11/11
  2249 | D:3      | Reached skill level 1 in Conjurations
  2249 | D:3      | Reached skill level 1 in Hexes
  2249 | D:3      | Reached skill level 1 in Summonings
  2249 | D:3      | Reached skill level 1 in Necromancy
  2249 | D:3      | Reached skill level 1 in Transmutations
  2249 | D:3      | Reached skill level 1 in Fire Magic
  2249 | D:3      | Reached skill level 1 in Ice Magic
  2249 | D:3      | Reached skill level 1 in Air Magic
  2249 | D:3      | Reached skill level 1 in Earth Magic
  2249 | D:3      | Reached skill level 1 in Poison Magic
  2363 | D:3      | Found a shimmering blue altar of Sif Muna.
  2552 | D:3      | HP: 1/36 [wight/+1 hand axe (4)]
  2883 | D:2      | Slain by a wight

Illustrated notes

Levels and vault maps discovered:
D:1:      arrival_aquarium_b, layout_rooms, serial_glass, glass_columns_a,
          glass_columns_a, feat_on_display, due_unseen_surprise
D:2:      layout_basic, basic_altar, hellmonk_ecumenical_altar_leap_of_faith,
          chequers_serial_rivers_large_b, grunt_decor_fettered,
          kennysheep_cross_bottleneck
D:3:      cheibrodos_helix_gallery, layout_basic, mainiacjoe_overflow_chevrons,
          evilmike_ruin_ashenzari

Skill      XL: |  1  2  3  4 |
---------------+-------------+-----
Spellcasting   | 5 |  5.1
Invocations    | 1 |  1.3
Short Blades   | 1 |  1.2
Long Blades    | 1 |  1.2
Axes           | 1 |  1.2
Maces & Flails | 1 |  1.2
Staves         | 1 |  1.2
Slings         | 1 |  1.2
Bows           | 1 |  1.2
Crossbows      | 1 |  1.2
Stealth        | 1 |  1.2
Shields        | 1 |  1.2
Unarmed Combat | 1 |  1.2
Evocations     | 1 |  1.2
Conjurations   | 1 |  1.0
Hexes          | 1 |  1.0
Summonings     | 1 |  1.0
Necromancy     | 1 |  1.0
Transmutations | 1 |  1.0
Fire Magic     | 1 |  1.0
Ice Magic      | 1 |  1.0
Air Magic      | 1 |  1.0
Earth Magic    | 1 |  1.0
Poison Magic   | 1 |  1.0
Fighting       | |  4.7
Polearms       | |  4.7
Throwing       | |  2.8
Armour         | |  2.8
Dodging        | |  4.7
Translocations | |  5.5

Action                   |  1- 3 |  4- 6 || total
-------------------------+-------+-------++-------
Melee: Spear             |   144 |   105 ||   249
       Bite              |    16 |    10 ||    26
       Punch             |     1 |     2 ||     3
Throw: Boomerang         |       |     3 ||     3
 Cast: Blink             |       |     2 ||     2
Armor: Ring mail         |    37 |    25 ||    62
Dodge: Dodged            |    43 |    34 ||    77
